 Dungeon Crawl Stone Soup version 0.27.1-2-g3b301248ec (webtiles) character file.

Game seed: 15868927645324808539

161 Amplified the Poker (level 5, 0/43 HPs)
             Began as a Merfolk Fighter on Sept 23, 2021.
             Was a Priest of Jiyva.
             Slain by a hobgoblin zombie (2 damage)
             ... in an ossuary.
             The game lasted 00:03:36 (3387 turns).

Amplified the Poker (Merfolk Fighter)               Turns: 3387, Time: 00:03:37

Health: 0/43       AC:  6    Str: 17    XL:     5   Next: 42%
Magic:  5/5        EV:  8    Int:  9    God:    Jiyva [***...]
Gold:   44         SH:  9    Dex: 12    Spells: 4/4 levels left

rFire    . . .     SeeInvis .   a - +0 trident
rCold    . . .     Faith    .   c - +0 kite shield
rNeg     . . .     Spirit   .   b - +0 scale mail
rPois    .         Reflect  .   (no helmet)
rElec    .         Harm     .   (no cloak)
rCorr    +         Rampage  .   (no gloves)
Will     .....                  (no boots)
Stlth    ..........             (no amulet)
HPRegen  0.14/turn              (no ring)
MPRegen  0.09/turn              (no ring)

@: no status effects
A: (nimble swimmer 2), mertail
a: Renounce Religion, Request Jelly


You were in an ossuary.
You worshipped Jiyva.
Jiyva was most pleased with you.
You visited 1 branch of the dungeon, and saw 4 of its levels.
You also visited: Ossuary.

You collected 44 gold pieces.

Inventory:

Hand Weapons
 a - a +0 trident (weapon)
 h - a +2 vorpal hunting sling
Missiles
 d - 6 silver javelins (quivered)
 f - a throwing net
Armour
 b - a +0 scale mail (worn)
 c - a +0 kite shield (worn)
 i - a +0 plate armour


   Skills:
 * Level 4.3 Fighting
 * Level 4.7 Polearms
 - Level 2.1 Armour
 * Level 3.0 Dodging
 * Level 3.9 Shields


You had 4 spell levels left.
You didn't know any spells.
Your spell library contained the following spells:

 Spells                   Type           Power      Damage    Failure   Level
 Foxfire                  Conj/Fire      0%         2x1d4     99%         1
 Conjure Flame            Conj/Fire      0%         6-21      100%        3
 Inner Flame              Hex/Fire       0%         N/A       100%        3
 Alistair's Intoxication  Tmut/Pois      0%         N/A       100%        5
 Borgnjor's Vile Clutch   Necr/Erth      0%         N/A       100%        5
 Eringya's Noxious Bog    Tmut/Pois      0%         N/A       100%        6


Dungeon Overview and Level Annotations

Branches:
Dungeon (4/15)            Ossuary (1/1)
 Temple: D:4-7

Altars:
Fedhas
Makhleb
Ru
Jiyva

Shops:
D:4 *


Innate Abilities, Weirdness & Mutations

((You are quick and stealthy near water. (Stealth+, EV+, Speed+++)))
Your lower body shifts to a powerful aquatic tail in water.


Message History

The water moccasin zombie is severely damaged.
You block the water moccasin zombie's attack.
The water moccasin zombie bites you.
* * * LOW HITPOINT WARNING * * *
Unknown command.
Unknown command.
You aren't carrying any potions.
Unknown command.
Okay, then.
You block the water moccasin zombie's attack.
There is an open door here.
Okay, then.
Okay, then.
Okay, then.
As you read the scroll of teleportation, it crumbles to dust.
You feel strangely unstable.
The water moccasin zombie barely misses you.
Unknown command.
You block the water moccasin zombie's attack.
There is an open door here.
Your surroundings seem slightly different.
You block the hobgoblin zombie's attack.
The water moccasin zombie bites you.
* * * LOW HITPOINT WARNING * * *
You aren't carrying any potions.
Unknown command.
The water moccasin zombie bites you.
* * * LOW HITPOINT WARNING * * *
The hobgoblin zombie barely misses you.
Jiyva gurgles merrily.
Unknown command.
The hobgoblin zombie barely misses you.
The water moccasin zombie barely misses you.
You hit the hobgoblin zombie.
The hobgoblin zombie is moderately damaged.
You block the hobgoblin zombie's attack.
You block the water moccasin zombie's attack.
The jelly barely misses the water moccasin zombie.
The hobgoblin zombie hits you.
You die...

######################
#∩..#...#.@ZJ#...#...#
#...#...#ZZ..'...#...#
#...'...'....#...'...#
#.################'###
#...# #...# #...#
#...# ##'##


You could see a water moccasin zombie, 2 hobgoblin zombies and a neutral jelly
(wandering) (fellow slime).

Vanquished Creatures
  Natasha (twice) (D:3)
  3 gnolls (D:3)
  2 adders (D:3)
  3 adder zombies (Ossuary)
  An adder skeleton (D:4)
  A dart slug (D:1)
  2 orcs
  3 ball pythons
  A giant cockroach (D:4)
  3 gnoll zombies (Ossuary)
  4 hobgoblins
  3 jackals (D:3)
  2 quokkas
  3 bats
  3 frilled lizards (D:1)
  4 goblins
  4 hobgoblin zombies (Ossuary)
  3 kobolds
  3 kobold zombies (Ossuary)
  An orc zombie (Ossuary)
  A quokka zombie (D:4)
  3 rats (D:1)
  A rat zombie (D:4)
56 creatures vanquished.

Vanquished Creatures (others)
  4 jellies (Ossuary)
  Natasha (D:3)
  2 mummies (Ossuary)
  A dart slug (D:3)
  An orc (D:3)
  A ball python (D:3)
  A bat (D:3)
  A giant cockroach (D:3)
  2 gnoll zombies (Ossuary)
  A hobgoblin (D:2)
  A jackal (D:3)
  A frilled lizard (D:1)
  3 hobgoblin zombies (Ossuary)
  4 rats
24 creatures vanquished.

Grand Total: 80 creatures vanquished

Notes
Turn   | Place    | Note
-------+----------+-------------------------------------------
     0 | D:1      | Amplified the Merfolk Fighter began the quest for the Orb.
     0 | D:1      | Reached XP level 1. HP: 18/18 MP: 1/1
   325 | D:1      | Reached XP level 2. HP: 24/24 MP: 2/2
   330 | D:1      | Found a faded altar of an unknown god.
   363 | D:1      | Became a worshipper of Jiyva Jougamn the Shapeless
   363 | D:1      | Reached * piety under Jiyva
   378 | D:1      | Reached skill level 1 in Dodging
  1488 | D:2      | Reached ** piety under Jiyva
  1557 | D:2      | Reached XP level 3. HP: 29/29 MP: 3/3
  1646 | D:2      | Found a blossoming altar of Fedhas.
  2068 | D:3      | Noticed Natasha
  2074 | D:3      | Killed Natasha
  2095 | D:3      | Reached XP level 4. HP: 26/37 MP: 4/4
  2101 | D:3      | Noticed Natasha
  2108 | D:3      | Killed Natasha
  2408 | D:3      | Killed Natasha
  2443 | D:3      | Reached XP level 5. HP: 40/42 MP: 5/5
  3001 | D:4      | Found Xanothru's Overcharged Wands.
  3030 | D:4      | Found a sacrificial altar of Ru.
  3031 | D:4      | Found a burning altar of Makhleb.
  3078 | D:4      | Found a sand-covered staircase.
  3265 | Ossuary  | Entered an ossuary
  3295 | Ossuary  | Reached *** piety under Jiyva
  3385 | Ossuary  | HP: 1/43 [water moccasin zombie (5)]
  3387 | Ossuary  | Slain by a hobgoblin zombie

Illustrated notes

Levels and vault maps discovered:
D:1:      dpeg_arrival_arbitrary_a, layout_basic,
          hellmonk_ecumenical_altar_zigzags
D:2:      layout_basic, basic_altar
D:3:      layout_basic, chequers_serial_rivers_small_a, minmay_misc_feat_rows,
          st_stairs_10, nicolae_underground_beach, uniq_natasha
D:4:      layout_loops_corners, mainiacjoe_overflow_large_starburst,
          ebering_ghost_sewer_d, enter_ossuary_4, nicolae_shop_overcharged_wands
Ossuary:  ossuary_tomb_2

Skill      XL: |  1  2  3  4  5 |
---------------+----------------+-----
Dodging        | 1 2 3 |  3.0
Polearms       | 4 |  4.7
Fighting       | 4 |  4.3
Armour         | |  2.1
Shields        | |  3.9

Action                   |  1- 3 |  4- 6 || total
-------------------------+-------+-------++-------
Melee: Trident           |    88 |   144 ||   232
  Use: Scroll            |     2 |     2 ||     4
       Potion            |     1 |     1 ||     2
Armor: Scale mail        |    29 |    29 ||    58
       Skin              |       |    14 ||    14
Dodge: Dodged            |    14 |    37 ||    51
Block: Kite shield       |    38 |    63 ||   101
